 Dungeon Crawl Stone Soup version 0.28-a0-730-g892d06dc2c (webtiles) character file.

Game seed: 150374193434912822

1562678 mitch45678 the Conqueror (level 27, 298/298 HPs)
             Began as a Barachi Cinder Acolyte on Oct 18, 2021.
             Was a High Priest of Ignis.
             Escaped with the Orb
             ... and 3 runes on Oct 28, 2021!
             The game lasted 09:16:32 (85199 turns).

mitch45678 the Conqueror (Barachi Cinder Acolyte)  Turns: 85199, Time: 09:16:32

Health: 298/298    AC: 43    Str: 25 (27) XL:     27
Magic:  26/26      EV: 16    Int: 19 (21) God:    Ignis [*****.]
Gold:   7813       SH: 30    Dex: 12 (14) Spells: 25/30 levels left

rFire   + + .      SeeInvis +   a - +3 broad axe (vorpal)
rCold   + . .      Faith    .   v - +2 tower shield
rNeg    + + .      Spirit   .   O - +11 plate armour of Ashenzari's Envy {Will+ rCorr Dex+4 SInv}
rPois   +          Reflect  +   (helmet restricted)
rElec   +          Harm     .   k - +2 cloak {Will+} {ziggurat D2}
rCorr   +          Rampage  +   B - +2 pair of gloves
Will    ++++.                   L - +2 pair of boots
Stlth   ..........              R - amulet of the Illusory Demons {Reflect Rampage rElec rPois Regen+ SH+5}
HPRegen 1.59/turn               P - ring of Neall {rPois rF+ rN+}
MPRegen 0.20/turn               N - ring "Hiuw" {rC+ rN+ Int+5}

@: studying Unarmed Combat, slow
A: amphibious, slowness 1, strong legs 2, +LOS, antennae 1, deterioration 1,
robust 2, screaming 2, strong 1, devolution 1
0: Orb of Zot
}: 3/15 runes: serpentine, barnacled, silver
a: Hop, Renounce Religion, Sea of Fire, Foxfire Swarm, Rising Flame


You escaped.
You worshipped Ignis.
Ignis was extremely pleased with you.
You visited 14 branches of the dungeon, and saw 59 of its levels.
You visited 2 bazaars.
You also visited: Volcano.

You collected 10810 gold pieces.
You spent 2997 gold pieces at shops.


Innate Abilities, Weirdness & Mutations

You are amphibious.
You cover ground slowly.
You can hop long distances.
You have an extended range of vision and can be seen from far away.
You have a pair of small antennae on your head.
Your body sometimes deteriorates upon taking damage.
You are very robust. (+20% HP)
You frequently scream uncontrollably at your foes.
Your muscles are strong. (Str +2)
You have hidden genetic defects.


   Skills:
 O Level 27 Fighting
 - Level 6.8(11.5) Short Blades
 - Level 15.7(16.3) Long Blades
 - Level 26.0 Axes
 - Level 3.0 Throwing
 - Level 22.1 Armour
 * Level 23.3 Dodging
 - Level 5.0 Stealth
 - Level 25.0 Shields
 - Level 2.0 Spellcasting
 - Level 7.0 Fire Magic
 - Level 3.0 Evocations


You had 25 spell levels left.
You knew the following spells:

 Your Spells              Type           Power      Damage    Failure   Level
a - Apportation           Tloc           2%         N/A       58%         1
b - Scorch                Fire           56%        2d8       6%          2
c - Wereblood             Tmut           1%         N/A       75%         2

Your spell library contained the following spells:

 Spells                   Type           Power      Damage    Failure   Level
 Foxfire                  Conj/Fire      60%        2x1d7     19%         1
 Conjure Flame            Conj/Fire      15%        6-21      47%         3
 Inner Flame              Hex/Fire       15%        N/A       47%         3
 Animate Skeleton         Necr           2%         N/A       58%         1
 Beastly Appendage        Tmut           2%         N/A       58%         1
 Freeze                   Ice            4%         1d3       58%         1
 Magic Dart               Conj           4%         1d3       58%         1
 Pain                     Necr           4%         1d4       58%         1
 Sandblast                Erth           2%         2d4       58%         1
 Sting                    Tmut/Pois      4%         1d3       58%         1
 Blink                    Tloc           2%         N/A       75%         2
 Call Imp                 Summ           1%         N/A       75%         2
 Corpse Rot               Necr/Air       2%         N/A       75%         2
 Ensorcelled Hibernation  Hex/Ice        2%         N/A       75%         2
 Passwall                 Tmut/Erth      0%         N/A       75%         2
 Poisonous Vapours        Pois/Air       2%         N/A       75%         2
 Searing Ray              Conj           2%         2d4       75%         2
 Slow                     Hex            1%         N/A       75%         2
 Sublimation of Blood     Necr           0%         N/A       75%         2
 Flame Wave               Conj/Fire      15%        3d5       87%         4
 Call Canine Familiar     Summ           1%         N/A       92%         3
 Confusing Touch          Hex            1%         N/A       92%         3
 Frozen Ramparts          Ice            2%         1d2       92%         3
 Gell's Gravitas          Tloc           0%         N/A       92%         3
 Lesser Beckoning         Tloc           1%         N/A       92%         3
 Mephitic Cloud           Conj/Pois/Air  1%         N/A       92%         3
 Ozocubu's Armour         Ice            1%         N/A       92%         3
 Portal Projectile        Hex/Tloc       2%         N/A       92%         3
 Spider Form              Tmut/Pois      0%         N/A       92%         3
 Stone Arrow              Conj/Erth      2%         3d7       92%         3
 Summon Guardian Golem    Hex/Summ       1%         N/A       92%         3
 Teleport Other           Tloc           1%         N/A       92%         3
 Tukima's Dance           Hex            1%         N/A       92%         3
 Vampiric Draining        Necr           0%         2d6       92%         3
 Animate Armour           Summ/Erth      2%         N/A       100%        4
 Cause Fear               Hex            0%         N/A       100%        4
 Dispel Undead            Necr           1%         3d6       100%        4
 Fulminant Prism          Conj/Hex       0%         3d6       100%        4
 Hailstorm                Conj/Ice       1%         3d3       100%        4
 Leda's Liquefaction      Hex/Erth       0%         N/A       100%        4
 Olgreb's Toxic Radiance  Pois           1%         N/A       100%        4
 Passage of Golubria      Tloc           1%         N/A       100%        4
 Petrify                  Tmut/Erth      1%         N/A       100%        4
 Summon Lightning Spire   Summ/Air       1%         N/A       100%        4
 Alistair's Intoxication  Tmut/Pois      0%         N/A       100%        5
 Irradiate                Conj/Tmut      0%         3d13      100%        5
 Iskenderun's Battlesphe  Conj           1%         2d6       100%        5
 Manifold Assault         Tloc           1%         N/A       100%        5
 Metabolic Englaciation   Hex/Ice        0%         N/A       100%        5
 Summon Forest            Summ/Tloc      0%         N/A       100%        5
 Summon Mana Viper        Hex/Summ       1%         N/A       100%        5
 Yara's Violent Unravell  Hex/Tmut       0%         3d3       100%        5
 Death Channel            Necr           0%         N/A       100%        6
 Invisibility             Hex            0%         N/A       100%        6
 Iron Shot                Conj/Erth      0%         9d1       100%        6
 Simulacrum               Ice/Necr       0%         N/A       100%        6
 Starburst                Conj/Fire      7%         6d4       100%        6
 Summon Cactus Giant      Summ           0%         N/A       100%        6
 Dragon Form              Tmut           0%         N/A       100%        7
 Malign Gateway           Summ/Tloc      0%         N/A       100%        7
 Orb of Destruction       Conj           0%         N/A       100%        7
 Spellforged Servitor     Conj/Summ      0%         N/A       100%        7
 Storm Form               Tmut/Air       0%         N/A       100%        7
 Summon Hydra             Summ           0%         N/A       100%        7
 Borgnjor's Revivificati  Necr           0%         N/A       100%        8
 Discord                  Hex            0%         N/A       100%        8
 Maxwell's Capacitive Co  Air            0%         ∞         100%        8
 Necromutation            Tmut/Necr      0%         N/A       100%        8
 Summon Horrible Things   Summ           0%         N/A       100%        8
 Chain Lightning          Conj/Air       0%         2d1       100%        9
 Death's Door             Necr           0%         N/A       100%        9
 Dragon's Call            Summ           0%         N/A       100%        9

Inventory:

Hand Weapons
 a - a +3 vorpal broad axe (weapon)
   (You took it off a vault guard on level 5 of the Vaults)
 b - a +1 broad axe of freezing
   (You took it off a tengu warrior on level 14 of the Dungeon)
 f - the +8 flail of Aseomaef {vorpal, rElec rF+ rC+ MP+9}
   (You found it on level 2 of the Shoals)

   It inflicts extra damage upon your enemies.
   rF:        It protects you from fire.
   rC:        It protects you from cold.
   rElec:     It insulates you from electricity.
   MP:        It affects your magic capacity (+9).
 H - a +4 scimitar of flaming
   (You took it off an efreet on level 15 of the Dungeon)
Missiles
 c - 10 silver javelins
 r - 3 javelins
 U - 8 curare-tipped darts
Armour
 k - a +2 cloak of willpower (worn) {ziggurat D2}
   (You bought it in a shop in a bazaar)
 o - a +1 cloak of preservation {gold dragon scale mail 3120g O2}
   (You took it off Maurice on level 1 of the Orcish Mines)
 v - a +2 tower shield (worn)
   (You took it off a naga warrior on level 4 of the Lair of Beasts)
 B - a +2 pair of gloves (worn)
   (You bought it in a shop in a bazaar)
 I - a +2 helmet of see invisible
   (You found it on level 3 of the Elven Halls)
 L - a +2 pair of boots (worn)
   (You found it on level 7 of the Dungeon)
 O - the +11 plate armour of Ashenzari's Envy (worn) {Will+ rCorr Dex+4 SInv}
   (You found it on level 6 of the Lair of Beasts)

   Dex:       It affects your dexterity (+4).
   SInv:      It lets you see invisible.
   rCorr:     It protects you from acid and corrosion.
   Will:      It increases your willpower.
Jewellery
 p - a ring of resist corrosion
   (You found it on level 6 of the Lair of Beasts)
 C - the ring "Dinavara" {rC+ Str+5}
   (You found it on level 3 of the Crypt)

   [ring of protection from cold]

   Str:       It affects your strength (+5).
   rC:        It protects you from cold.
 F - the ring "Neason" {rF+ Str+3 Int+6}
   (You took it off a frost giant on level 3 of the Depths)

   [ring of intelligence]

   Str:       It affects your strength (+3).
   Int:       It affects your intelligence (+6).
   rF:        It protects you from fire.
 N - the ring "Hiuw" (right hand) {rC+ rN+ Int+5}
   (You found it on level 3 of the Crypt)

   [ring of positive energy]

   Int:       It affects your intelligence (+5).
   rC:        It protects you from cold.
   rN:        It protects you from negative energy.
 P - the ring of Neall (left hand) {rPois rF+ rN+}
   (You bought it in a shop on level 1 of the Dungeon)

   [ring of positive energy]

   rF:        It protects you from fire.
   rPois:     It protects you from poison.
   rN:        It protects you from negative energy.
 R - the amulet of the Illusory Demons (around neck) {Reflect Rampage rElec rPois Regen+ SH+5}
   (You took it off a deep elf blademaster on level 2 of the Elven Halls)

   [amulet of reflection]

   It reflects blocked missile attacks.
   rElec:     It insulates you from electricity.
   rPois:     It protects you from poison.
   Regen:     It increases your rate of health regeneration.
   SH:        It affects your SH (+5).
   Rampage:   It bestows one free step when moving towards enemies.
 S - a +4 ring of slaying
   (You found it on level 4 of the Vaults)
 W - a ring of willpower
   (You found it on level 5 of the Lair of Beasts)
Wands
 d - a wand of digging (8)
   (You found it on level 11 of the Dungeon)
 g - a wand of paralysis (28)
   (You found it on level 6 of the Dungeon)
 y - a wand of mindburst (41)
   (You found it on level 12 of the Dungeon)
 z - a wand of acid (9)
   (You took it off Erica on level 8 of the Dungeon)
 X - a wand of iceblast (58) (quivered)
   (You found it on level 7 of the Dungeon)
Scrolls
 e - 15 scrolls of teleportation
 h - 13 scrolls of blinking
 K - 9 scrolls of fog
 T - 3 scrolls of fear
 V - 37 scrolls of identify
 Y - a scroll of silence
 Z - 6 scrolls of magic mapping
Potions
 m - 3 potions of mutation {!q}
 q - a potion of cancellation
 t - 3 potions of attraction {!q}
 u - 5 potions of haste
 w - 3 potions of might
 A - 3 potions of invisibility
 D - 21 potions of curing
 J - 11 potions of heal wounds
Miscellaneous
 l - a phial of floods
   (You found it on level 3 of the Vaults)
 n - a lightning rod (4/4)
   (You found it on level 11 of the Dungeon)
 E - a box of beasts
   (You found it on level 3 of the Elven Halls)
 M - a condenser vane
   (You found it on level 4 of the Lair of Beasts)
 Q - a phantom mirror
   (You found it on level 3 of the Lair of Beasts)

Dungeon Overview and Level Annotations

Branches:
Dungeon (15/15)            Temple (1/1) D:7            Lair (6/6) D:8
 Shoals (4/4) Lair:2        Snake (4/4) Lair:4        Slime (5/5) Lair:6
    Orc (2/2) D:12            Elf (3/3) Orc:2        Vaults (5/5) D:13
  Crypt (3/3) Vaults:3       Tomb (1/3) Crypt:3      Depths (4/4) D:15
   Hell (visited)             Zot (5/5) Depths:4    Volcano (visited)
    Dis: Hell:1         Geh: Hell:1         Coc: Hell:1         Tar: Hell:1

Altars:
Ashenzari
Cheibriados
Dithmenos
Elyvilon
Fedhas
Gozag
Hepliaklqana
Kikubaaqudgha
Makhleb
Nemelex Xobeh
Okawaru
Qazlal
Ru
Sif Muna
Trog
Uskayaw
Vehumet
Wu Jian
Xom
Yredelemnul
Zin
The Shining One
Beogh
Jiyva

Shops:
D:1 =   D:5 ?   D:7 *   D:8 ?   Orc:2 (:[*   Elf:2 (   Snake:1 *   Vaults:3 *
Vaults:5 (   Depths:4 (

Portals:
Hell: Depths:1 Depths:2 Depths:3 Depths:4
Abyss: Depths:2 Depths:3
Pandemonium: Depths:2
Ziggurat: Depths:2
Trove: Vaults:2 (give 16 potions of curing)

Annotations:
D:1 exclusion: downstairs
D:3 1 runed translucent door, Crazy Yiuf
D:4 exclusion: downstairs
D:13 exclusion: orange crystal statue
D:15 Roxanne
Snake:4 3 runed translucent doors
Tomb:1 ! Mennas, Mennas
Hell Geryon


Message History

(P) Snake Pit (M) Slime Pits (O) Orcish Mines (E) Elven Halls (V) Vaults (C) Crypt (W) Tomb (U) Depths (H) Hell (Z) Zot
Where to? (Enter - D:1, ? - help)
A reaper comes into view.
It is wielding a +0 scythe of protection.
There is an open door here.
There is an escape hatch in the ceiling here.
You block the reaper's attack. A mysterious force pulls you upwards.
The hatch slams shut behind you.
There is a stone staircase leading up here.
You climb upwards.
Level annotation: exclusion: downstairs
There is a stone staircase leading down here.
A hell beast comes into view.
You block the hell beast's attack. x2
You barely miss the hell beast. You block the hell beast's attack. x2
You miss the hell beast. You block the hell beast's attack.
The hell beast tramples you.
You stumble backwards!
You slice the hell beast!!
The hell beast is moderately wounded.
You block the hell beast's attack. x2
You hit the hell beast.
The hell beast is heavily wounded.
You block the hell beast's attack. x2
You slice the hell beast!!
The hell beast is almost dead.
You block the hell beast's attack. x2
You hit the hell beast but do no damage.
The hell beast is almost dead.
You block the hell beast's attack. The hell beast barely misses you.
You hit the hell beast but do no damage.
The hell beast is almost dead.
The hell beast misses you. You block the hell beast's attack.
You slash the hell beast!
You kill the hell beast!
There is an open door here.
There is a staircase leading out of the dungeon here.
Okay, then.
Unknown command.
You have escaped!

There were no monsters in sight!

Vanquished Creatures
  Dissolution (Slime:1)
  3 dread liches (Zot:5)
  2 pandemonium lords
  5 orbs of fire
  Mara (Elf:3)
  2 juggernauts (Depths:3)
  5 Killer Klowns
  2 curse toes
  10 caustic shrikes
  Jory (Depths:3)
  9 golden dragons
  2 bone dragons
  2 electric golems
  A shard shrike zombie (Crypt:1)
  18 tentacled monstrosities
  Asterion (D:15)
  3 liches
  23 Orb Guardians
  A Hell Sentinel (D:12)
  A walking crystal tome (Depths:3)
  2 walking divine tomes
  2 deep elf master archers (Elf:3)
  3 deep elf blademasters
  A walking frostbound tome (Depths:4)
  7 quicksilver dragons
  8 titans
  5 sphinxes
  8 death cobs
  2 Executioners
  9 acid blobs
  Kirke (D:15)
  4 ancient champions
  14 shadow dragons
  8 tengu reavers
  2 revenants (Crypt:3)
  10 storm dragons
  6 azure jellies
  4 nagarajas
  8 fire giants
  A frost giant (shapeshifter) (Vaults:5)
  5 deep elf sorcerers
  6 draconian monks
  2 rockslimes
  2 iron dragons
  3 draconian knights
  A balrug (Zot:5)
  10 frost giants
  6 draconian scorchers
  2 ghost moths
  Louise (Depths:2)
  Aizul (D:15)
  4 orc warlords
  A juggernaut zombie (Depths:1)
  22 vault wardens
  3 draconian stormcallers
  3 reapers
  5 deep elf elementalists
  5 draconian shifters
  5 draconian annihilators
  A juggernaut skeleton (Crypt:2)
  An angel (D:13)
  7 ghouls
  A quicksilver ooze (shapeshifter) (Depths:2)
  3 war gargoyles
  A caustic shrike skeleton (Crypt:2)
  42 very ugly things
  18 ironbound preservers
  The ghost of Jazxac the Carver, a journeyman MiMo of Cheibriados (Lair:3)
  6 deep elf demonologists
  A quicksilver ooze (Slime:3)
  16 stone giants
  12 green draconians
  8 vampire knights
  Azrael (Snake:1)
  4 dire elephants
  A lorocyproca (Depths:2)
  9 yellow draconians
  13 red draconians
  7 deep elf annihilators
  6 black draconians
  A spectral titan (Crypt:3)
  6 white draconians
  3 entropy weavers
  11 eidola
  3 spark wasps (Depths:3)
  9 ettins
  11 purple draconians
  10 merfolk impalers
  Josephine (D:15)
  3 blizzard demons
  7 deep elf death magi
  The ghost of Moesa the Fencer, a journeyman GrFi of Qazlal (Orc:2)
  A mummy priest (Crypt:3)
  9 fire dragons
  4 merfolk javelineers (Shoals:4)
  3 crystal guardians
  The ghost of Jethan the Nimble, a journeyman DjWz of Ashenzari (Lair:1)
  A spectral quicksilver dragon (Crypt:3)
  10 ironbound thunderhulks
  A deep elf high priest (Elf:3)
  A spectral fenstrider witch (Crypt:3)
  9 great orbs of eyes
  12 jiangshi
  38 vault guards
  3 rakshasas
  27 naga warriors
  11 yaktaur captains
  8 hydras
  5 boulder beetles
  3 peacekeepers
  An alligator snapping turtle (Shoals:4)
  15 ice dragons
  The ghost of SkeletonJelly the Thaumaturge, a journeyman DrMo of Cheibriados (Lair:2)
  Erolcha (Orc:2)
  7 salamander tyrants
  4 hell beasts
  4 spriggan air magi
  2 catoblepae
  Erica (D:8)
  2 merfolk avatars (Shoals:3)
  5 ogre magi
  6 merfolk aquamancers
  14 anacondas
  14 two-headed ogres
  A satyr (Shoals:4)
  13 centaur warriors
  A death knight (Crypt:2)
  15 ironbound frosthearts
  9 tengu warriors
  25 dancing weapons
  2 deep troll earth magi
  2 deep troll shamans
  12 naga sharpshooters
  2 spectral spriggans (Crypt:3)
  A spectral dire elephant (Crypt:3)
  3 spectral storm dragons (Crypt:3)
  8 spriggan berserkers
  A storm dragon zombie (Crypt:3)
  6 hell knights
  6 orc high priests (Orc:2)
  9 vampire magi
  7 sun demons
  9 death yaks
  6 shock serpents
  A soul eater (Crypt:1)
  2 titan skeletons
  16 skeletal warriors
  22 deep elf knights
  10 shadow wraiths
  6 salamander mystics
  3 anaconda zombies (Snake:1)
  A golden dragon zombie (Crypt:1)
  An iron troll (Depths:3)
  9 sea snakes
  9 spectral anacondas (Snake:1)
  A death drake (shapeshifter) (Vaults:5)
  A quicksilver dragon simulacrum (Depths:1)
  A ghost moth zombie (Crypt:3)
  A spectral bunyip (Crypt:3)
  7 deep elf archers
  15 flayed ghosts
  2 spectral hydras (Crypt:3)
  54 deep trolls
  A golden dragon skeleton (Depths:1)
  An obsidian statue (Vaults:1)
  24 phantasmal warriors
  A spectral iron dragon (Crypt:3)
  22 ironbound convokers
  5 lindwurms
  A spark wasp zombie (Depths:1)
  9 naga ritualists
  A shadow demon (D:13)
  2 bog bodies
  7 wizards
  2 lindwurms (shapeshifter)
  2 glowing orange brains
  A sphinx zombie (Crypt:2)
  A shadow dragon zombie (Crypt:1)
  20 harpies
  A harpy (shapeshifter) (Elf:3)
  11 mana vipers
  31 deep elf pyromancers
  A shining eye (shapeshifter) (Vaults:5)
  11 fauns
  5 anaconda skeletons (Snake:1)
  10 necromancers
  A wolf spider (shapeshifter) (Vaults:5)
  A mana viper (shapeshifter) (Vaults:5)
  16 orc knights
  29 deep elf zephyrmancers
  10 orc sorcerers
  13 manticores
  A manticore (shapeshifter) (Elf:2)
  46 ugly things
  A salamander (shapeshifter) (Vaults:4)
  7 cyclopes
  A frost giant zombie (Depths:1)
  7 oklob plants
  A stone giant zombie (Vaults:4)
  18 salamanders
  A spectral centaur (Crypt:3)
  23 moths of wrath
  A frost giant skeleton (Crypt:2)
  A shock serpent zombie (Crypt:2)
  9 merfolk sirens
  55 black mambas
  18 naga magi
  A torpor snail (Lair:4)
  2 rust devils
  19 elephants
  9 water nymphs
  3 eyes of devastation
  A fire giant skeleton (Vaults:5)
  7 guardian serpents
  A stone giant skeleton (Vaults:3)
  19 vault sentinels
  A smoke demon (Zot:5)
  2 gargoyles
  Maurice (Orc:1)
  An orange demon (Depths:1)
  A molten gargoyle (Volcano)
  An eye of devastation (shapeshifter) (Vaults:4)
  11 cane toads
  2 ice statues (Lair:1)
  A centaur skeleton (D:15)
  Maggie (Lair:1)
  3 efreet
  17 komodo dragons
  4 kobold demonologists
  18 freezing wraiths
  6 anaconda simulacra
  4 hellwings
  3 rime drakes
  A spriggan skeleton (Crypt:2)
  An ice devil (D:10)
  A purple draconian skeleton (Crypt:3)
  A yaktaur skeleton (Vaults:3)
  A spectral demonspawn (Crypt:3)
  5 tengu conjurers
  61 yaktaurs
  A queen bee (shapeshifter) (Elf:2)
  3 trolls
  A spectral naga (Crypt:3)
  2 spectral harpies (Crypt:3)
  A sea snake skeleton (Crypt:3)
  31 merfolk
  10 polar bears
  A queen bee (Lair:2)
  A harpy zombie (Crypt:2)
  A meliai (Lair:2)
  9 wind drakes
  8 guardian mummies
  9 hornets
  Prince Ribbit (D:5)
  9 blink frogs
  8 dream sheep
  A stone giant simulacrum (Vaults:4)
  A frost giant simulacrum (Depths:1)
  8 snapping turtles
  Sigmund (D:2)
  111 slime creatures
  2 ettin skeletons
  52 yaks
  A merfolk skeleton (Crypt:1)
  2 naga simulacra
  An ettin zombie (Depths:1)
  6 spriggans
  A ynoxinul (Depths:2)
  A centaur simulacrum (D:15)
  31 water elementals
  7 air elementals
  12 wraiths
  A vampire (D:10)
  3 shadows
  A fire dragon skeleton (Crypt:1)
  6 redbacks
  An alligator skeleton (Crypt:2)
  9 wyverns
  A human (Vaults:1)
  6 fire bats (Volcano)
  7 fire elementals
  An alligator snapping turtle simulacrum (Crypt:3)
  5 basilisks
  2 golden eyes (Slime:4)
  4 spriggan simulacra
  A neqoxec (Depths:1)
  3 hogs (D:15)
  55 nagas
  6 vampire mosquitoes
  4 wargs
  A glowing shapeshifter zombie (Crypt:1)
  An acid dragon (D:11)
  18 water moccasins
  A hydra simulacrum (Crypt:3)
  A floating eye (Slime:4)
  9 hell hounds
  A hornet zombie (D:6)
  48 orc warriors
  7 black bears
  An ice beast (D:5)
  3 necrophages
  A black mamba simulacrum (Crypt:1)
  4 ogres
  20 centaurs
  3 phantoms
  17 wolves
  4 human skeletons
  A hog skeleton (Crypt:3)
  3 human zombies
  8 kobold brigands
  15 bullfrogs
  An earth elemental (Elf:3)
  2 gnoll sergeants
  A human simulacrum (Depths:1)
  2 wyvern zombies
  2 scorpions
  A cyclops zombie (Crypt:1)
  A wyvern skeleton (D:5)
  A yak zombie (Crypt:2)
  8 killer bees (Lair:2)
  18 wights
  7 howler monkeys
  6 electric eels
  4 centaur zombies
  6 lava snakes (Volcano)
  20 orc priests
  A jelly (D:7)
  2 hounds
  A basilisk skeleton (Crypt:2)
  2 bullfrog skeletons
  An iguana (D:5)
  32 orc wizards
  6 hell rats (Lair:6)
  A deep dwarf zombie (Crypt:1)
  A dwarf zombie (Crypt:3)
  A demigod zombie (Crypt:3)
  A killer bee zombie (D:5)
  An ogre skeleton (Crypt:2)
  15 mummies
  A howler monkey zombie (D:9)
  Robin (D:1)
  16 gnolls
  9 adders
  A shadow imp (D:7)
  A steam dragon skeleton (Crypt:1)
  2 worms
  A barachi skeleton (Crypt:1)
  A dart slug (D:2)
  92 orcs
  3 endoplasms
  6 giant cockroaches
  14 goblins
  3 hobgoblins
  37 kobolds
  6 quokkas
  6 ball pythons
  3 bats
  3 frilled lizards
  A kobold skeleton (Crypt:3)
  8 rats
2651 creatures vanquished.

Vanquished Creatures (others)
  The ghost of Angmar the Cloud Mage, a veteran DrAE of Vehumet (Vaults:1)
  2 eldritch tentacles (Zot:5)
  An ironbound preserver (Vaults:5)
  A vault guard (Vaults:5)
  An ogre mage (Vaults:5)
  A two-headed ogre (Volcano)
  A deep elf knight (Elf:2)
  A deep elf archer (Elf:1)
  2 humans (D:15)
  A wight (D:5)
  An orc wizard (Orc:2)
  49 fungi
  145 plants
207 creatures vanquished.

Grand Total: 2858 creatures vanquished

Notes
Turn   | Place    | Note
-------+----------+-------------------------------------------
     0 | D:1      | mitch45678 the Barachi Cinder Acolyte began the quest for
                  | the Orb.
     0 | D:1      | Reached XP level 1. HP: 18/18 MP: 2/2
   313 | D:1      | Found Tonoi's Jewellery Boutique.
   352 | D:1      | Reached XP level 2. HP: 18/24 MP: 3/3
   355 | D:1      | Learned a level 2 spell: Scorch
   465 | D:1      | Reached skill level 4 in Fire Magic
   878 | D:2      | Noticed Sigmund
   997 | D:2      | Noticed Robin
  1373 | D:1      | Reached XP level 3. HP: 29/29 MP: 1/4
  1538 | D:1      | Killed Robin
  1706 | D:2      | Reached skill level 5 in Fire Magic
  1956 | D:2      | Reached XP level 4. HP: 36/36 MP: 5/5
  2232 | D:3      | Found a hazy altar of Hepliaklqana.
  2400 | D:3      | Found a snail-covered altar of Cheibriados.
  2414 | D:3      | Found a sacrificial altar of Ru.
  2491 | D:3      | Found an ornate altar of the Wu Jian Council.
  2492 | D:3      | Found an ancient bone altar of Kikubaaqudgha.
  2495 | D:3      | Found a basalt altar of Yredelemnul.
  2729 | D:3      | Found a runed translucent door.
  2730 | D:3      | Noticed Crazy Yiuf
  2788 | D:3      | Noticed a phantom
  2891 | D:3      | Killed a phantom
  2892 | D:3      | Reached skill level 6 in Fire Magic
  2892 | D:3      | Reached XP level 5. HP: 20/41 MP: 1/6
  3652 | D:4      | Reached skill level 4 in Long Blades
  3652 | D:4      | Reached skill level 7 in Fire Magic
  3652 | D:4      | Reached XP level 6. HP: 40/47 MP: 0/7
  3875 | D:4      | Found a hide-covered altar of Uskayaw.
  4231 | D:5      | Entered Level 5 of the Dungeon
  4271 | D:5      | Reached skill level 5 in Long Blades
  4469 | D:5      | HP: 10/44 [wight (3)]
  4471 | D:5      | Reached skill level 6 in Long Blades
  4471 | D:5      | Reached XP level 7. HP: 12/51 MP: 0/8
  4471 | D:5      | HP: 4/51 [wight (10)]
  4646 | D:5      | Identified a scroll of acquirement
  4646 | D:5      | Acquired the ring of Trepidation {EV+4 Str+3}
  4863 | D:5      | Reached skill level 1 in Armour
  4991 | D:4      | Reached skill level 1 in Short Blades
  4991 | D:4      | Reached skill level 2 in Armour
  4991 | D:4      | Reached skill level 2 in Spellcasting
  5243 | D:5      | Reached skill level 7 in Long Blades
  5247 | D:5      | Reached skill level 1 in Dodging
  5399 | D:5      | Noticed Prince Ribbit
  5660 | D:2      | Killed Sigmund
  5661 | D:2      | Reached skill level 3 in Armour
  5661 | D:2      | Reached skill level 2 in Dodging
  5661 | D:2      | Reached XP level 8. HP: 59/59 MP: 2/11
  6045 | D:5      | Reached skill level 3 in Dodging
  6079 | D:5      | Found Elum's Magic Scroll Emporium.
  6133 | D:5      | Reached skill level 8 in Long Blades
  6391 | D:6      | Reached skill level 9 in Long Blades
  6637 | D:6      | Reached skill level 4 in Fighting
  7115 | D:5      | Reached skill level 10 in Long Blades
  7282 | D:6      | Reached XP level 9. HP: 66/66 MP: 7/12
  7596 | D:6      | Reached skill level 5 in Fighting
  7868 | D:6      | Reached skill level 11 in Long Blades
  8220 | D:7      | Reached skill level 1 in Evocations
  8620 | D:7      | Reached skill level 6 in Fighting
  8620 | D:7      | Reached skill level 2 in Evocations
  8782 | D:7      | Found a staircase to the Ecumenical Temple.
  8808 | Temple   | Entered the Ecumenical Temple
  8975 | D:7      | Reached skill level 3 in Evocations
  9090 | D:7      | Found Laeshamp's General Store.
  9345 | D:5      | Killed Prince Ribbit
  9346 | D:5      | Reached skill level 12 in Long Blades
  9393 | D:8      | Noticed a hornet
  9610 | D:7      | Reached skill level 7 in Fighting
  9610 | D:7      | Reached XP level 10. HP: 74/79 MP: 13/13
  9752 | D:8      | Reached skill level 8 in Fighting
  9764 | D:7      | Reached skill level 13 in Long Blades
  9804 | D:8      | Found a staircase to the Lair.
  9823 | D:8      | Noticed Erica
  9901 | Lair:1   | Entered Level 1 of the Lair of Beasts
 10120 | D:1      | Bought the ring of Neall {rPois rF+ rN+} for 382 gold
                  | pieces
 10473 | Lair:1   | Reached skill level 9 in Fighting
 10496 | Lair:1   | Reached skill level 4 in Armour
 10620 | Lair:1   | Noticed Jethan's ghost (journeyman DjWz)
 10621 | Lair:1   | Noticed a cane toad
 10623 | Lair:1   | Noticed an oklob plant
 10624 | Lair:1   | Found a transporter.
 10626 | Lair:1   | Noticed an ice statue
 10637 | Lair:1   | Noticed an ice statue
 10637 | Lair:1   | Noticed Maggie
 10647 | Lair:1   | Noticed a cane toad
 10650 | Lair:1   | Killed Maggie
 10651 | Lair:1   | Reached skill level 4 in Dodging
 10657 | Lair:1   | Killed a cane toad
 10658 | Lair:1   | Reached skill level 14 in Long Blades
 10668 | Lair:1   | Reached skill level 5 in Dodging
 10668 | Lair:1   | Reached XP level 11. HP: 32/89 MP: 7/14
 10918 | Lair:1   | Found a transporter.
 10938 | Lair:1   | Reached skill level 5 in Armour
 10958 | Lair:1   | Reached skill level 6 in Dodging
 11232 | Lair:2   | Noticed a catoblepas
 11286 | Lair:2   | Killed a catoblepas
 11287 | Lair:2   | Reached skill level 6 in Armour
 11376 | Lair:2   | Reached skill level 7 in Dodging
 11510 | Lair:2   | Found a dark tunnel.
 11523 | Lair:2   | Reached skill level 8 in Dodging
 11531 | Volcano  | Entered a volcano
 11686 | Volcano  | Noticed a two-headed ogre
 11686 | Volcano  | Noticed a two-headed ogre
 11702 | Volcano  | Killed a two-headed ogre
 11718 | Volcano  | Found a bloodstained altar of Trog.
 11718 | Volcano  | Noticed a two-headed ogre
 11718 | Volcano  | Noticed an ogre mage
 11718 | Volcano  | Noticed a two-headed ogre
 11720 | Volcano  | Noticed a two-headed ogre
 11728 | Volcano  | Killed a two-headed ogre
 11729 | Volcano  | Reached skill level 10 in Fighting
 11729 | Volcano  | Reached skill level 9 in Dodging
 11731 | Volcano  | Killed a two-headed ogre
 11733 | Volcano  | Paralysed by something for 7 turns
 11740 | Volcano  | HP: 22/92 [molten gargoyle/bolt of magma (8)]
 11747 | Volcano  | Reached skill level 11 in Fighting
 11747 | Volcano  | Noticed a hell knight
 11754 | Volcano  | Paralysed by something for 6 turns
 11764 | Volcano  | Paralysed by something for 6 turns
 11771 | Volcano  | Killed an ogre mage
 11772 | Volcano  | Reached XP level 12. HP: 44/100 MP: 15/15
 11773 | Volcano  | Noticed a two-headed ogre
 11773 | Volcano  | a hell knight changed into a two-headed ogre
 11779 | Volcano  | Killed a two-headed ogre
 11780 | Volcano  | Reached skill level 12 in Fighting
 11782 | Volcano  | Killed a two-headed ogre
 11783 | Volcano  | Reached skill level 7 in Armour
 12073 | Lair:2   | Reached skill level 1 in Shields
 12189 | Lair:2   | Reached skill level 2 in Shields
 12261 | Lair:2   | Reached skill level 3 in Shields
 12287 | Lair:2   | Found a staircase to the Shoals.
 12310 | Lair:2   | Noticed a six-headed hydra
 12318 | Lair:2   | Killed a three-headed hydra
 12319 | Lair:2   | Reached skill level 4 in Shields
 12337 | Lair:2   | Noticed SkeletonJelly's ghost (journeyman DrMo)
 12394 | Lair:2   | Reached skill level 5 in Shields
 12416 | Lair:2   | Reached skill level 6 in Shields
 12489 | Lair:2   | Reached skill level 7 in Shields
 12519 | Lair:2   | Identified the ring of Xiuvary {Wiz rF- rC+ Will+ Str+4}
 12538 | Lair:2   | Found a transporter.
 12542 | Lair:2   | Found a transporter.
 12588 | Lair:2   | Noticed a seven-headed hydra
 12605 | Lair:2   | Killed a one-headed hydra
 12645 | Lair:4   | Noticed a death yak
 12668 | Lair:4   | Killed a death yak
 12669 | Lair:4   | Reached skill level 1 in Throwing
 12669 | Lair:4   | Reached skill level 8 in Shields
 12681 | Lair:4   | Reached skill level 2 in Throwing
 12756 | Lair:4   | Reached skill level 3 in Throwing
 12874 | Lair:4   | Reached skill level 9 in Shields
 12882 | Lair:4   | Noticed a boulder beetle
 12910 | Lair:4   | Killed a boulder beetle
 12911 | Lair:4   | Gained mutation: You can hop long distances. [Barachi
                  | growth]
 12911 | Lair:4   | Reached XP level 13. HP: 30/108 MP: 16/16
 13063 | Lair:4   | Found a staircase to the Snake Pit.
 13113 | Lair:3   | Reached skill level 10 in Shields
 13158 | Lair:4   | Found a frozen archway.
 13169 | Lair:4   | Noticed Nessos
 13172 | Lair:4   | Noticed Nessos
 13172 | Lair:4   | Nessos changed into Nessos the harpy
 13182 | Lair:4   | Killed Nessos the harpy
 13414 | Lair:4   | Reached skill level 8 in Armour
 13621 | Lair:3   | Found a large runed translucent door.
 13621 | Lair:3   | Found a large runed translucent door.
 13622 | Lair:3   | Noticed Jazxac's ghost (journeyman MiMo)
 13990 | Lair:3   | Reached skill level 9 in Armour
 14211 | Lair:3   | Reached skill level 11 in Shields
 15191 | Lair:5   | Reached skill level 12 in Shields
 15638 | Lair:6   | Entered Level 6 of the Lair of Beasts
 15826 | Lair:5   | Reached skill level 13 in Shields
 16056 | Lair:6   | Upgraded the game from 0.28-a0-683-ga8797d1ae1 to
                  | 0.28-a0-687-gb91baff9cc
 16169 | Lair:6   | Reached skill level 14 in Shields
 16200 | Lair:6   | Reached XP level 14. HP: 102/115 MP: 17/17
 16346 | Lair:6   | Identified the +7 rapier of Disorder {vorpal, rElec rPois
                  | rC+ Stlth-}
 16472 | Lair:6   | Reached skill level 15 in Shields
 16600 | Lair:6   | Reached skill level 10 in Dodging
 16981 | Lair:6   | Found a staircase to the Slime Pits.
 17370 | Lair:6   | Reached skill level 13 in Fighting
 17386 | Lair:6   | Noticed a dire elephant
 17415 | Lair:6   | Killed a dire elephant
 17469 | Lair:6   | Reached skill level 15 in Long Blades
 17512 | Lair:6   | Identified the ring of Xybayd {+Blink rF+ Int-3 Dex+2}
 17520 | Lair:6   | Identified the +11 plate armour of Ashenzari's Envy {Will+
                  | rCorr Dex+4 SInv}
 17890 | D:8      | Found Osyuten's Magic Scroll Shop.
 17918 | D:8      | Bought a scroll of blinking for 105 gold pieces
 17936 | D:8      | Killed Erica
 17957 | D:8      | Found a sparkling altar of Nemelex Xobeh.
 18282 | D:9      | Found a shimmering blue altar of Sif Muna.
 18298 | D:9      | Reached skill level 10 in Armour
 18769 | D:10     | Entered Level 10 of the Dungeon
 19066 | D:10     | Found a shimmering altar of Xom.
 19387 | D:10     | Reached skill level 11 in Armour
 19978 | D:11     | Found the +4 moon troll leather armour {Spirit, Regen++
                  | MP+5}
 20008 | D:11     | Reached XP level 15. HP: 124/124 MP: 18/18
 20042 | D:11     | Reached skill level 12 in Armour
 20666 | D:12     | Found a staircase to the Orcish Mines.
 21300 | D:12     | Reached skill level 13 in Armour
 22030 | D:13     | Reached skill level 14 in Armour
 22078 | D:13     | Found a gate to the Vaults.
 22275 | D:13     | Found a shimmering altar of Xom.
 23096 | D:14     | Upgraded the game from 0.28-a0-687-gb91baff9cc to
                  | 0.28-a0-691-gad6df49e81
 23187 | Orc:1    | Entered Level 1 of the Orcish Mines
 23253 | D:12     | Reached skill level 15 in Armour
 23338 | Orc:1    | Found a bloodstained altar of Trog.
 23464 | Orc:2    | Entered Level 2 of the Orcish Mines
 23555 | Orc:1    | Noticed Erolcha
 23608 | Orc:2    | Killed Erolcha
 23726 | Orc:1    | Noticed Maurice
 23757 | Orc:1    | Killed Maurice
 23845 | Orc:1    | Found a runed translucent gate.
 23845 | Orc:1    | Found a runed translucent gate.
 23845 | Orc:1    | Found a runed translucent gate.
 23855 | Orc:1    | Noticed Moesa's ghost (journeyman GrFi)
 23855 | Orc:1    | Noticed an orc warlord
 24029 | Orc:2    | Reached skill level 14 in Fighting
 24712 | Orc:2    | Noticed an orc warlord
 24800 | Orc:1    | Killed an orc warlord
 24809 | Orc:2    | Gained mutation: You are clumsy. (Dex -2) [a neqoxec]
 24957 | Orc:2    | Reached skill level 15 in Fighting
 25458 | Orc:2    | HP: 28/130 [orc priest/divine providence (11)]
 25466 | Orc:2    | HP: 25/130 [orc warrior (11)]
 25641 | Orc:2    | Found a staircase to the Elven Halls.
 25775 | Orc:2    | Found Nairch's Antique Armour Boutique.
 25776 | Orc:2    | Found Adeliuso's Antique Weapon Shop.
 25805 | Orc:2    | Found Icvocvov's General Store.
 25805 | Orc:2    | Found Enoddatrur's Book Boutique.
 25851 | Orc:2    | Bought a potion of heal wounds for 70 gold pieces
 25859 | Orc:2    | Bought an embroidered scarf for 312 gold pieces
 26184 | D:14     | Reached XP level 16. HP: 138/138 MP: 19/19
 26187 | D:14     | Reached skill level 16 in Fighting
 26884 | D:15     | Entered Level 15 of the Dungeon
 26924 | D:15     | Reached skill level 17 in Fighting
 27188 | D:15     | Identified Roxanne's Almanac of Earth
 27188 | D:15     | Noticed Roxanne
 27488 | D:15     | Noticed Kirke
 27522 | D:15     | Killed Kirke
 27689 | D:15     | Found a staircase to the Depths.
 27704 | D:15     | Reached skill level 18 in Fighting
 27995 | D:15     | Noticed Josephine
 28004 | D:15     | Killed Josephine
 28096 | D:15     | Reached skill level 19 in Fighting
 28437 | D:8      | Bought a scroll of blinking for 105 gold pieces
 28467 | D:7      | Bought a scroll of enchant weapon for 97 gold pieces
 28536 | D:5      | Bought a scroll of acquirement for 728 gold pieces
 28536 | D:5      | Bought a scroll of enchant armour for 105 gold pieces
 28536 | D:5      | Bought a scroll of brand weapon for 280 gold pieces
 28656 | Snake:1  | Entered Level 1 of the Snake Pit
 28854 | Snake:1  | Noticed Azrael
 28931 | Snake:1  | Killed Azrael
 29108 | Snake:2  | Noticed a nagaraja
 29123 | Snake:2  | Killed a nagaraja
 29214 | Snake:2  | Reached skill level 20 in Fighting
 29351 | Snake:1  | HP: 34/149 [constriction (4)]
 29356 | Snake:1  | HP: 32/149 [poisoned by a naga ritualist (toxic radiance)]
 29362 | Snake:1  | HP: 34/149 [poisoned by a naga ritualist (toxic radiance)]
 29514 | Snake:1  | Reached XP level 17. HP: 70/156 MP: 20/20
 29724 | Snake:1  | Reached skill level 21 in Fighting
 30262 | Snake:1  | Found Akadghoas's General Store.
 30277 | Snake:1  | Reached skill level 22 in Fighting
 31099 | Snake:1  | Reached skill level 16 in Armour
 31710 | Snake:3  | Reached skill level 2 in Short Blades
 31865 | Snake:3  | Reached skill level 3 in Short Blades
 32022 | Snake:3  | Reached skill level 4 in Short Blades
 32265 | Snake:3  | Reached skill level 17 in Armour
 32333 | Snake:3  | Reached skill level 5 in Short Blades
 32421 | Snake:3  | Reached XP level 18. HP: 153/168 MP: 21/21
 32552 | Snake:3  | Reached skill level 6 in Short Blades
 32925 | Snake:4  | Entered Level 4 of the Snake Pit
 33455 | Snake:4  | Reached skill level 18 in Armour
 33690 | Snake:4  | Found a runed translucent gate.
 33690 | Snake:4  | Found a runed translucent gate.
 33690 | Snake:4  | Found a runed translucent gate.
 34030 | Snake:4  | Reached skill level 11 in Dodging
 34562 | Snake:3  | Reached skill level 12 in Dodging
 35070 | Snake:4  | Reached skill level 13 in Dodging
 35465 | Snake:4  | Got a serpentine rune of Zot
 35999 | D:5      | Bought a scroll of magic mapping for 49 gold pieces
 35999 | D:5      | Bought a scroll of blinking for 105 gold pieces
 36108 | Shoals:1 | Entered Level 1 of the Shoals
 36373 | Shoals:1 | Reached skill level 1 in Axes
 36479 | Shoals:1 | Reached skill level 2 in Axes
 36929 | Shoals:2 | Reached skill level 3 in Axes
 37248 | Orc:2    | Reached skill level 4 in Axes
 37267 | Orc:2    | Reached XP level 19. HP: 145/174 MP: 22/22
 37312 | Orc:2    | Killed Moesa's ghost
 37382 | Orc:2    | Reached skill level 5 in Axes
 37793 | Shoals:2 | Identified the +8 flail of Aseomaef {vorpal, rElec rF+ rC+
                  | MP+9}
 37858 | Shoals:2 | Reached skill level 6 in Axes
 38171 | Shoals:2 | Reached skill level 7 in Axes
 38488 | Shoals:3 | Reached skill level 8 in Axes
 38714 | Shoals:3 | Reached skill level 9 in Axes
 39277 | Shoals:3 | Identified the +8 chain mail of Nice Happiness {Int+3}
 39364 | Shoals:4 | Entered Level 4 of the Shoals
 39364 | Shoals:4 | Found a stormy altar of Qazlal.
 39383 | Shoals:3 | Reached skill level 10 in Axes
 39438 | Shoals:4 | Paralysed by an air elemental for 1 turns
 39441 | Shoals:4 | Paralysed by an air elemental for 1 turns
 39767 | Shoals:4 | Identified the ring of the Dancing Ziggurats {Fire rN++}
 39840 | Shoals:4 | Reached skill level 11 in Axes
 39874 | Shoals:4 | Paralysed by an air elemental for 1 turns
 40233 | Shoals:4 | Paralysed by an air elemental for 1 turns
 40235 | Shoals:4 | Paralysed by an air elemental for 1 turns
 40239 | Shoals:4 | Paralysed by an air elemental for 1 turns
 40364 | Shoals:4 | Identified the +7 quarterstaff of the Priest {spect, rC+++
                  | rCorr Dex-2 SInv}
 40433 | Shoals:3 | Reached skill level 12 in Axes
 40555 | Shoals:4 | Identified the +8 whip of the Shark {drain, rPois rC-
                  | Dex+2}
 40659 | Shoals:4 | Paralysed by an air elemental for 1 turns
 40741 | Shoals:4 | Paralysed by an air elemental for 1 turns
 40774 | Shoals:4 | Paralysed by an air elemental for 1 turns
 40786 | Shoals:4 | Paralysed by an air elemental for 1 turns
 40791 | Shoals:3 | Paralysed by an air elemental for 1 turns
 41225 | Shoals:4 | Got a barnacled rune of Zot
 41358 | Shoals:4 | Paralysed by an air elemental for 1 turns
 41786 | Elf:1    | Entered Level 1 of the Elven Halls
 41945 | Orc:2    | Reached skill level 13 in Axes
 42128 | Elf:1    | Found an ancient bone altar of Kikubaaqudgha.
 42243 | Elf:1    | Reached XP level 20. HP: 177/182 MP: 23/23
 42544 | Elf:1    | Noticed a Brimstone Fiend
 42662 | Elf:1    | Learned a level 1 spell: Apportation
 42753 | Elf:1    | Got the Almanac of Calling
 43073 | Elf:1    | Reached skill level 16 in Shields
 43618 | Elf:2    | Found Enuigh's Antique Weapon Boutique.
 44304 | Elf:2    | Reached skill level 14 in Axes
 44413 | Elf:2    | Found a runed translucent gate.
 44413 | Elf:2    | Found a runed translucent gate.
 44418 | Elf:2    | Found a runed translucent gate.
 44773 | Depths:1 | Entered Level 1 of the Depths
 44852 | D:15     | Upgraded the game from 0.28-a0-691-gad6df49e81 to
                  | 0.28-a0-723-g095bd1b44f
 44868 | D:15     | Reached skill level 17 in Shields
 44879 | D:15     | HP: 42/182 [red very ugly thing (14)]
 45052 | Depths:1 | Noticed Asterion
 45165 | D:15     | Killed Asterion
 45424 | D:15     | Reached skill level 15 in Axes
 46147 | D:15     | Reached skill level 16 in Axes
 46492 | Depths:1 | Noticed Aizul
 46594 | D:15     | Killed Aizul
 46686 | Depths:1 | Found a snail-covered altar of Cheibriados.
 46954 | Depths:1 | Reached XP level 21. HP: 50/189 MP: 24/24
 46954 | Depths:1 | HP: 45/189 [poisoned by a reaper]
 46959 | Depths:1 | HP: 36/189 [poisoned by a reaper]
 47155 | Depths:1 | Found a hazy altar of Hepliaklqana.
 47337 | Depths:1 | Found a gateway to Hell.
 47547 | Vaults:1 | Entered Level 1 of the Vaults
 47547 | Vaults:1 | Found a flickering gateway to a bazaar.
 47575 | Bazaar   | Entered a bazaar
 47575 | Bazaar   | Found Ytunif's Book Shop.
 47575 | Bazaar   | Found Wagum's Weapon Shoppe.
 47575 | Bazaar   | Found Naso Saa's Jewellery Shop.
 47576 | Bazaar   | Found Veod's Armour Shoppe.
 47576 | Bazaar   | Found Mufath's Book Boutique.
 47622 | Bazaar   | Bought a +1 pair of gloves for 172 gold pieces
 47805 | Depths:1 | Acquired 796 gold pieces
 47945 | Vaults:1 | Reached skill level 17 in Axes
 48140 | Vaults:1 | Learned a level 2 spell: Wereblood
 48467 | Vaults:1 | Reached skill level 18 in Axes
 48930 | Vaults:1 | Found a runed translucent gate.
 48930 | Vaults:1 | Found a runed translucent gate.
 48930 | Vaults:1 | Found a runed translucent gate.
 48930 | Vaults:1 | Found an opulent altar of Gozag.
 48930 | Vaults:1 | Noticed Angmar's ghost (veteran DrAE)
 48933 | Vaults:1 | Found Laufos's Assorted Antiques.
 49333 | Vaults:1 | Reached skill level 19 in Axes
 50591 | Vaults:2 | Reached skill level 18 in Shields
 50866 | Vaults:2 | Reached XP level 22. HP: 184/196 MP: 25/25
 51081 | Vaults:2 | Reached skill level 19 in Shields
 51443 | Vaults:2 | Found a portal to a secret trove of treasure.
 52298 | Vaults:3 | Reached skill level 20 in Shields
 52561 | Vaults:3 | HP: 44/196 [war gargoyle/spray of metal splinters[a
                  | peacekeeper] (12)]
 52729 | Vaults:3 | HP: 34/196 [vault warden (19)]
 53160 | Vaults:3 | HP: 38/196 [ironbound frostheart (29)]
 53321 | Vaults:3 | HP: 41/196 [ironbound frostheart (17)]
 53340 | Vaults:3 | HP: 64/294 [ironbound thunderhulk (9)]
 53345 | Vaults:3 | Reached skill level 20 in Axes
 53650 | Vaults:3 | Found a staircase to the Crypt.
 53701 | Vaults:3 | Found Fisiola's General Store.
 54405 | Vaults:4 | Found a flickering gateway to a bazaar.
 54410 | Bazaar   | Entered a bazaar
 54424 | Bazaar   | Found Hanosk's Antique Weapon Emporium.
 54435 | Bazaar   | Found Yfenapnu's Antique Weapon Shoppe.
 54450 | Bazaar   | Found Koqoneo's Antique Armour Shoppe.
 54461 | Bazaar   | Found Jecaib's Antique Armour Emporium.
 54466 | Bazaar   | Bought a glowing helmet for 247 gold pieces
 54487 | Bazaar   | Bought a pair of runed gloves for 120 gold pieces
 54488 | Bazaar   | Bought a glowing cloak for 120 gold pieces
 55099 | Vaults:4 | Reached skill level 21 in Shields
 55254 | Vaults:4 | Reached XP level 23. HP: 202/203 MP: 26/26
 55276 | Vaults:4 | Reached skill level 19 in Armour
 56041 | Crypt:1  | Entered Level 1 of the Crypt
 56627 | Crypt:1  | Reached skill level 20 in Armour
 57005 | Crypt:1  | Reached skill level 14 in Dodging
 57750 | Crypt:1  | Reached skill level 15 in Dodging
 57954 | Crypt:2  | Got the Grimoire of Poison
 58562 | Crypt:3  | Entered Level 3 of the Crypt
 58848 | Crypt:2  | Reached skill level 21 in Axes
 59689 | Crypt:3  | Reached skill level 23 in Fighting
 60119 | Crypt:3  | Found a staircase to the Tomb.
 60791 | Crypt:3  | Reached XP level 24. HP: 213/213 MP: 26/26
 60911 | Crypt:3  | Reached skill level 24 in Fighting
 61111 | Crypt:3  | Identified the ring "Dinavara" {rC+ Str+5}
 61128 | Crypt:3  | Identified the ring "Hiuw" {rC+ rN+ Int+5}
 61128 | Crypt:3  | Identified the ring of Taed {rN+ rCorr Str+8 Int+4 Slay-4}
 61217 | Crypt:3  | Identified the ring of Kusagaps {rPois Str+6 Int+3}
 61578 | Tomb:1   | Entered Level 1 of the Tomb of the Ancients
 61579 | Tomb:1   | Upgraded the game from 0.28-a0-723-g095bd1b44f to
                  | 0.28-a0-726-g4a9143789a
 61782 | Tomb:1   | Noticed Mennas
 62361 | Depths:2 | Found a gateway to a ziggurat.
 62675 | Depths:2 | Noticed Louise
 62696 | Depths:2 | Killed Louise
 62756 | Depths:2 | Found a one-way gate to the infinite horrors of the Abyss.
 62906 | Depths:2 | Found a one-way gate leading to the halls of Pandemonium.
 63132 | Depths:2 | Reached skill level 16 in Dodging
 63170 | Depths:2 | Found the +3 salamander hide armour {Flames rF++ rC--}
 63436 | Depths:2 | Noticed a caustic shrike
 63446 | Depths:2 | Killed a caustic shrike
 63498 | Depths:2 | Noticed a caustic shrike
 63508 | Depths:2 | Killed a caustic shrike
 63550 | Depths:2 | HP: 43/218 [living spell/divine providence[a walking divine
                  | tome] (13)]
 63693 | Depths:2 | Reached skill level 17 in Dodging
 63698 | Depths:2 | Upgraded the game from 0.28-a0-726-g4a9143789a to
                  | 0.28-a0-730-g892d06dc2c
 64642 | Depths:3 | Reached skill level 18 in Dodging
 64701 | Depths:3 | Noticed Jory
 64752 | Depths:3 | Killed Jory
 65183 | Depths:3 | Noticed a juggernaut
 65205 | Depths:3 | Noticed a caustic shrike
 65206 | Depths:3 | Noticed a caustic shrike
 65218 | Depths:3 | Killed a caustic shrike
 65219 | Depths:3 | Noticed a caustic shrike
 65280 | Depths:3 | Noticed a juggernaut
 65300 | Depths:3 | Killed a juggernaut
 65371 | Depths:3 | Reached skill level 22 in Shields
 65379 | Depths:3 | Killed a juggernaut
 65460 | Depths:3 | Noticed a caustic shrike
 65514 | Depths:3 | Killed a caustic shrike
 65515 | Depths:3 | Reached XP level 25. HP: 107/221 MP: 26/26
 65684 | Depths:3 | Identified the ring "Neason" {rF+ Str+3 Int+6}
 66091 | Depths:3 | Reached skill level 23 in Shields
 66329 | Depths:4 | Entered Level 4 of the Depths
 66497 | Depths:4 | Found an iron altar of Okawaru.
 67083 | Depths:4 | Reached skill level 24 in Shields
 67137 | Depths:4 | Found Ykeh's Antique Weapon Emporium.
 67467 | Depths:4 | Identified the +1 leather armour of the Game Afoot {SInv}
 67724 | Depths:4 | Reached skill level 21 in Armour
 68069 | Depths:4 | Found a gate to the Realm of Zot.
 68521 | Elf:3    | Entered Level 3 of the Elven Halls
 68911 | Elf:3    | Noticed Mara
 68924 | Elf:3    | Noticed mitch45678's illusion
 68953 | Elf:3    | Killed Mara
 69197 | Elf:3    | Found an ancient bone altar of Kikubaaqudgha.
 69310 | Elf:3    | Identified the amulet of the Illusory Demons {Reflect
                  | Rampage rElec rPois Regen+ SH+5}
 69863 | Elf:2    | Reached skill level 22 in Axes
 70057 | Elf:3    | Identified the +7 hand axe of Rubbish {venom, rC+}
 70105 | Elf:3    | Reached XP level 26. HP: 228/232 MP: 26/26
 70119 | Elf:3    | Identified the +6 spear of Flawed Execution {flame, rElec
                  | Dex+3}
 70332 | Elf:3    | Identified the +1 leather armour "Ubrez" {rCorr Str+4}
 70493 | Elf:3    | Paralysed by an air elemental for 1 turns
 70511 | Elf:3    | Paralysed by an air elemental for 1 turns
 70515 | Elf:3    | Paralysed by an air elemental for 1 turns
 70624 | Elf:3    | Got Cioxt's Lost Secrets of Secret Knowledge
 70628 | Elf:3    | Identified the +5 shortbow of Moderation {speed, +Blink rF+
                  | rN+ Will-}
 70643 | Elf:3    | Got Rybluduj's Reference Book on Conjuration
 71049 | Vaults:1 | Reached skill level 22 in Armour
 71061 | Vaults:1 | Killed Angmar's ghost
 71562 | Hell     | Entered the Vestibule of Hell
 71562 | Hell     | Noticed Geryon
 71967 | Slime:1  | Entered Level 1 of the Pits of Slime
 72124 | Slime:2  | Noticed Dissolution
 72145 | Slime:1  | Killed Dissolution
 72364 | Slime:2  | Found a viscous altar of Jiyva.
 72798 | Slime:2  | Reached skill level 1 in Stealth
 73020 | Slime:4  | Reached skill level 2 in Stealth
 73020 | Slime:4  | Reached skill level 25 in Shields
 73073 | Slime:4  | Reached skill level 3 in Stealth
 73135 | Slime:5  | Entered Level 5 of the Pits of Slime
 73146 | Slime:5  | Gained mutation: Armour fits poorly on your strangely
                  | shaped body. [a shining eye]
 73278 | Slime:4  | Reached skill level 4 in Stealth
 73332 | Slime:4  | Reached skill level 5 in Stealth
 73466 | Slime:5  | Paralysed by a floating eye for 2 turns
 73829 | Vaults:5 | Entered Level 5 of the Vaults
 73832 | Vaults:5 | Noticed a dread lich
 73855 | Vaults:4 | HP: 47/234 [vault guard (15)]
 73861 | Vaults:4 | HP: 51/230 [shadow dragon/bolt of negative energy (9)]
 73864 | Vaults:4 | Reached skill level 25 in Fighting
 74024 | Vaults:5 | HP: 52/235 [vault guard (10)]
 74383 | Vaults:5 | Reached skill level 19 in Dodging
 74834 | Vaults:5 | Reached XP level 27. HP: 242/242 MP: 26/26
 74866 | Vaults:5 | Identified the +3 leather armour of the Heron {rF++ rC-
                  | Will+ Stlth-}
 74866 | Vaults:5 | Identified the amulet of Kudgh {Spirit Harm rCorr}
 74922 | Vaults:5 | Identified the +3 halberd "Ojemez" {freeze, rPois rF- rN+
                  | Dex+4}
 75017 | Vaults:5 | Gained mutation: You are dopey. (Int -2) [a shining eye]
 75020 | Vaults:5 | Gained mutation: You possess an exceptional clarity of
                  | mind. [a shining eye]
 75114 | Vaults:5 | Reached skill level 20 in Dodging
 75625 | Vaults:5 | Found Daklex's Antique Weapon Shop.
 75653 | Vaults:5 | Got a silver rune of Zot
 76398 | Lair:1   | Killed Jethan's ghost
 76414 | Lair:1   | Reached skill level 21 in Dodging
 76605 | Lair:2   | Killed SkeletonJelly's ghost
 76773 | Lair:3   | Killed Jazxac's ghost
 77466 | Zot:1    | Entered Level 1 of the Realm of Zot
 77467 | Zot:1    | Acquired 1179 gold pieces
 77570 | Zot:1    | Noticed an orb of fire
 77592 | Zot:1    | Killed an orb of fire
 78545 | Zot:1    | Reached skill level 26 in Fighting
 78689 | Zot:1    | Reached skill level 23 in Axes
 78806 | Zot:2    | Acquired 660 gold pieces
 79747 | Zot:2    | HP: 61/245 [deathcap/drain life[a curse toe] (5)]
 79979 | Zot:3    | Noticed an orb of fire
 80375 | Zot:3    | Noticed an orb of fire
 80376 | Zot:3    | Noticed an electric golem
 80386 | Zot:2    | Gained mutation: You occasionally shout uncontrollably at
                  | your foes. [an orb of fire]
 80398 | Zot:2    | Killed an orb of fire
 80452 | Zot:3    | Killed an electric golem
 80453 | Zot:3    | Gained mutation: You sometimes lose the ability to read
                  | scrolls when taking damage. [an orb of fire]
 80469 | Zot:3    | Killed an orb of fire
 80678 | Zot:3    | Reached skill level 27 in Fighting
 80724 | Zot:3    | HP: 61/249 [??? (38)]
 81530 | Zot:3    | Reached skill level 24 in Axes
 82652 | Zot:5    | Entered Level 5 of the Realm of Zot
 82879 | Zot:5    | Reached skill level 25 in Axes
 82906 | Zot:5    | Identified the +1 plate armour "Cyronuu" {Harm rF- Will++}
 83085 | Zot:5    | Noticed a dread lich
 83090 | Zot:5    | Noticed a Brimstone Fiend
 83090 | Zot:5    | Killed a dread lich
 83095 | Zot:5    | Noticed an electric golem
 83115 | Zot:5    | Killed an electric golem
 83226 | Zot:5    | Noticed a dread lich
 83239 | Zot:5    | Killed a dread lich
 83242 | Zot:5    | Noticed an orb of fire
 83250 | Zot:5    | Gained mutation: You have hidden genetic defects. [an orb
                  | of fire]
 83264 | Zot:5    | Gained mutation: You frequently scream uncontrollably at
                  | your foes. [an orb of fire]
 83265 | Zot:5    | Killed an orb of fire
 83323 | Zot:5    | Lost mutation: You possess an exceptional clarity of mind.
                  | [potion of mutation]
 83323 | Zot:5    | Lost mutation: You are dopey. (Int -2) [potion of mutation]
 83323 | Zot:5    | Lost mutation: You are clumsy. (Dex -2) [potion of
                  | mutation]
 83323 | Zot:5    | Gained mutation: You are robust. (+10% HP) [potion of
                  | mutation]
 83323 | Zot:5    | Gained mutation: You are agile. (Dex +2) [potion of
                  | mutation]
 83376 | Zot:5    | Lost mutation: You sometimes lose the ability to read
                  | scrolls when taking damage. [potion of mutation]
 83376 | Zot:5    | Lost mutation: Armour fits poorly on your strangely shaped
                  | body. [potion of mutation]
 83376 | Zot:5    | Gained mutation: Your muscles are strong. (Str +2) [potion
                  | of mutation]
 83376 | Zot:5    | Gained mutation: You are very robust. (+20% HP) [potion of
                  | mutation]
 83376 | Zot:5    | Gained mutation: You have a pair of small antennae on your
                  | head. [potion of mutation]
 83571 | Zot:5    | Reached skill level 26 in Axes
 83872 | Zot:5    | Noticed a dread lich
 83937 | Zot:5    | Killed a dread lich
 84095 | Zot:5    | Reached skill level 22 in Dodging
 84102 | Zot:5    | Noticed an orb of fire
 84118 | Zot:5    | Lost mutation: You are agile. (Dex +2) [an orb of fire]
 84131 | Zot:5    | Killed an orb of fire
 84132 | Zot:5    | Gained mutation: Your body sometimes deteriorates upon
                  | taking damage. [hidden defects]
 84205 | Zot:5    | Got the Orb of Zot
 84267 | Zot:5    | Noticed a hellephant
 84359 | Zot:2    | Noticed Oblier the pandemonium lord
 84476 | Zot:1    | Noticed Zukunil the pandemonium lord
 84563 | Depths:2 | Noticed Wataq the pandemonium lord
 84606 | Depths:1 | Noticed Foz Lat the pandemonium lord
 84644 | Depths:1 | Killed Foz Lat the pandemonium lord
 84680 | D:15     | Noticed Yhylat the pandemonium lord
 84784 | D:13     | Noticed Loxt the pandemonium lord
 84812 | D:12     | Noticed Mohisaum the pandemonium lord
 84829 | D:12     | Reached skill level 23 in Dodging
 84839 | D:12     | Killed Mohisaum the pandemonium lord
 85004 | D:9      | Noticed an Ice Fiend
 85043 | D:7      | Noticed an Ice Fiend
 85199 | D:$      | Escaped with the Orb!

Levels and vault maps discovered:
D:1:      tarquinn_simple_flora_water_b, layout_rooms, serial_shops, shop
D:2:      layout_basic, uniq_sigmund, uniq_robin
D:3:      layout_loops_corners, mainiacjoe_overflow_tiny_flanked,
          grunt_temple_overflow_open, uniq_crazy_yiuf_cottage
D:4:      layout_basic, lemuel_coloured_pillars_altar
D:5:      layout_loops_ring, serial_shops, shop_scrolls, uniq_prince_ribbit1
D:6:      layout_basic, gup_sewer_entry_bubbles
D:7:      layout_cave_pods, minmay_temple_entry_statues, serial_shops,
          nicolae_shop_waterfront, grunt_ministairs_15
D:8:      layout_cave_pools, nemelex_spade_bored_becter,
          due_lair_maze_entry_diamond, serial_shops, shop, uniq_erica
D:9:      layout_roguey, lemuel_crystal_altar
D:10:     layout_irregular_city, kennysheep_small_circle
D:11:     layout_basic
D:12:     layout_basic, orc_0_dummy, lightli_minifort
D:13:     layout_long_grid, grunt_vaults_entry_fortified, minivault_16, tgw_xom
D:14:     layout_loops_corners
D:15:     grunt_enter_depths_magical_seal, layout_gridville, uniq_josephine,
          uniq_roxanne, uniq_kirke
Temple:   nicolae_temple_god_jail
Lair:1:   layout_cave_pods, nzn_ghost_randoct, chequers_serial_rivers_room_b,
          serial_bayou_shore_b, uniq_maggie
Lair:2:   layout_cellular_growth, shoals_dummy_entry, gammafunk_ghost_hive,
          enter_volcano_3, serial_bayou_lake_a
Lair:3:   layout_cave_pods, ebering_ghost_disaster_area,
          grunt_forest_large_clearing_hut, lemuel_fruit_tree
Lair:4:   layout_hall_layers, guppyfry_snake_entry_island,
          portal_ice_cave_entry_pillars_2, grunt_megastairs_3,
          serial_bayou_shore_a, uniq_nessos
Lair:5:   layout_regular_city, grunt_megastairs_5, infiniplex_staircase_pool_2
Lair:6:   grunt_lair_end_beastmaster, layout_loops_ring,
          minmay_slime_entry_oklob_enclosed, lemuel_fruit_fields,
          grunt_megastairs_4
Shoals:1: nicolae_shoals_island_circles, layout_shoals,
          nicolae_shoals_dead_sea_scrolls
Shoals:2: layout_shoals
Shoals:3: layout_shoals
Shoals:4: shoals_end_hellmonk_storm_palace [storm_palace_center_ruins,
          storm_palace_corner_altar, storm_palace_corner_reverse_hut,
          storm_palace_corner_grid, storm_palace_corner_pillars], serial_shops
Snake:1:  layout_onion, serial_shops, shop, nicolae_snake_dead_anacondas,
          uniq_azrael
Snake:2:  layout_onion, grunt_megastairs_2
Snake:3:  layout_gridlike, grunt_megastairs_1
Snake:4:  johnstein_snake_rune_scales, layout_cave_town, st_stairs_10,
          nicolae_snake_horde_hoard
Slime:1:  layout_caves
Slime:2:  layout_caves, basic_altar, dissolution_awaits
Slime:3:  layout_caves
Slime:4:  layout_caves, uniq_dissolution
Slime:5
Orc:1:    layout_caves, basic_altar, biasface_ghost_orc_armoury, uniq_erolcha,
          uniq_maurice
Orc:2:    st_orc_congregation, layout_diamond_mine
Elf:1:    layout_onion_city, basic_altar, minmay_elf_demonology,
          nrook_mini_backslash, grunt_ministairs_1, hellmonk_bongcloud_opening
Elf:2:    elven_hall_of_blades_hangedman_original
          [nicolae_vaults_blade_armed_guards], layout_gridlike, serial_glass,
          glass_columns_c, glass_columns_a, glass_columns_b, glass_columns_c,
          glass_columns_a, serial_shops, nicolae_shop_overgrown_old_shop,
          nicolae_elf_variegated_diamond, uniq_louise
Elf:3:    elf_hall, layout_geoelf_octagon, basic_altar, uniq_mara
Vaults:1: ebering_ghost_gozag, ontoclasm_vaults_chip,
          nicolae_vaults_windows_and_doors_thing, v_rooms_2,
          nicolae_vaults_twisting_passages, ontoclasm_vaults_claustrophobia,
          hangedman_vaults_maws, hangedman_vaults_snaps, vaults_mumra_chevron,
          nicolae_vaults_diagonal_hallway_7, nicolae_vaults_little_squares_2,
          nicolae_vaults_shelves_hall, layout_vaults_maze, serial_shops,
          bzr_entry_customers
Vaults:2: infiniplex_enter_wizlab_water, ontoclasm_vaults_bender, v_misc_22,
          nicolae_vaults_meeting, vaults_standard_mumra_enter_the_diamond,
          grunt_vaults_hallway_long, grunt_vaults_twisty, hangedman_vaults_maws,
          vaults_room_stairs_pillars, v_alt_pattern_2, ontoclasm_vaults_spin,
          nicolae_vaults_stairing_the_circle, nicolae_vaults_specimen_jars,
          layout_vaults_omnibox, enter_trove_3
Vaults:3: nicolae_vaults_little_squares_3, minmay_crypt_entry_simple_walls,
          v_misc_28, nicolae_vaults_big_angled_halls,
          vaults_standard_mumra_lines, vaults_dpeg_cross,
          ontoclasm_vaults_shuriken, nicolae_vaults_puzzle_piece,
          ontoclasm_vaults_eye, hangedman_vaults_corner_blocks,
          grunt_vaults_trifunnel, ontoclasm_vaults_decontamination,
          vaults_room_door_ring, vaults_dpeg_encased_lava,
          layout_vaults_omnicross, serial_shops, shop
Vaults:4: vaults_room_large_hall, hangedman_vaults_maws,
          ontoclasm_vaults_hangar, ontoclasm_vaults_fault,
          nicolae_vaults_asterisk, nicolae_vaults_yaktaur_gun_rack,
          ontoclasm_vaults_shout, layout_vaults_omnigrid, serial_shops,
          bzr_entry_road
Vaults:5: serial_shops
Crypt:1:  layout_misc_corridors, grunt_crypt_arrival_guarded_gate
Crypt:2:  layout_gridlike, due_unseen_surprise
Crypt:3:  due_elkab, layout_chaotic_city, nicolae_tomb_entry_grand_gallery,
          minmay_misc_feat_rows, st_stairs_4
Tomb:1:   uniq_mennas, uniq_sojobo
Depths:1: layout_cave_pools, nicolae_hepliaklqana_hippocampus,
          grunt_mini_vestibule, kennysheep_small_spiral,
          minmay_misc_feat_secret_circle, minmay_misc_feat_x,
          cheibrodos_worm_habitat, uniq_asterion, uniq_aizul
Depths:2: minmay_expanding_squares, layout_basic, enter_ziggurat_f,
          rand_demon_pan_entry_9, pf_coc_iceberg,
          chequers_serial_rivers_small_a,
          nicolae_abyss_entry_one_way_or_another,
          hellmonk_guarded_unrand_salamander
Depths:3: grunt_runaround [grunt_runaround_doors_1, grunt_runaround_doors_2,
          grunt_runaround_doors_3, grunt_runaround_doors_4,
          grunt_runaround_loot], abyss_entry, hell_entry, uniq_jory
Depths:4: grunt_zot_entry_gee_three, layout_cave_pools, okawaru_trees_2,
          serial_shops, nicolae_shop_waterfront, hell_entry, serial_bayou_ford_a
Hell
Zot:1:    layout_basic, grunt_ministairs_6, st_stairs_12
Zot:2:    layout_gridlike
Zot:3:    layout_gridlike
Zot:4:    layout_gridlike
Zot:5:    layout_cathedral_of_symmetry

Action                   |  1- 3 |  4- 6 |  7- 9 | 10-12 | 13-15 | 16-18 | 19-21 | 22-24 | 25-27 || total
-------------------------+-------+-------+-------+-------+-------+-------+-------+-------+-------++-------
Melee: Falchion          |    45 |    63 |     2 |       |       |       |       |       |       ||   110
       Scimitar          |       |       |   127 |   503 |  1956 |  2323 |  1758 |   862 |    33 ||  7562
       Dagger            |       |       |       |     2 |       |       |       |       |       ||     2
       Whip              |       |       |       |     2 |       |       |       |       |       ||     2
       Rapier            |       |       |       |       |       |    27 |       |       |       ||    27
       Flail             |       |       |       |       |       |       |    29 |    26 |    21 ||    76
       Broad axe         |       |       |       |       |       |       |   997 |  2104 |  3677 ||  6778
Throw: Dart              |    10 |     1 |    18 |     5 |    19 |       |       |       |       ||    53
       Boomerang         |       |       |     2 |     7 |     3 |       |       |       |       ||    12
 Cast: Scorch            |    20 |    30 |   111 |    11 |       |       |       |       |       ||   172
Invok: Sea of Fire       |       |       |       |     1 |       |       |       |       |       ||     1
 Abil: Hop               |     2 |     3 |     4 |     8 |     6 |     7 |     8 |     4 |    12 ||    54
Evoke: Wand              |       |     1 |       |    21 |     6 |     1 |     6 |     7 |     8 ||    50
       Condenser vane    |       |       |       |       |       |       |       |     2 |     1 ||     3
  Use: Scroll            |       |     1 |    10 |     7 |     6 |     8 |     5 |     4 |    14 ||    55
       Potion            |       |       |     3 |     5 |       |     1 |     1 |     3 |    12 ||    25
 Stab: Sleeping          |     1 |     1 |       |       |       |       |       |       |       ||     2
       Paralysed         |       |       |       |     7 |       |       |     3 |     4 |       ||    14
       Petrified         |       |       |       |       |     2 |       |       |       |       ||     2
       Fleeing           |       |       |       |       |       |     1 |       |       |       ||     1
       Confused          |       |       |       |       |       |       |       |     3 |       ||     3
       Invisible         |       |       |       |       |       |       |       |       |     3 ||     3
       Distracted        |       |       |       |       |       |       |       |       |     1 ||     1
Armor: Robe              |    22 |    11 |       |       |       |       |       |       |       ||    33
       Ring mail         |       |     6 |     1 |       |       |       |       |       |       ||     7
       Scale mail        |       |       |   132 |   116 |       |       |       |       |       ||   248
       Swamp dragon scal |       |       |       |    57 |   145 |       |       |       |       ||   202
       Plate armour      |       |       |       |       |   390 |  1057 |  1225 |  1252 |  1355 ||  5279
Dodge: Dodged            |    44 |    50 |   232 |   317 |   546 |   796 |   959 |   904 |  1013 ||  4861
       Repelled          |       |       |       |       |       |    74 |    39 |     1 |       ||   114
Block: Kite shield       |       |       |       |    80 |   875 |  1486 |  1650 |  1830 |       ||  5921
       Tower shield      |       |       |       |       |       |       |       |   296 |  3696 ||  3992
       Reflection        |       |       |       |       |       |       |       |       |    86 ||    86
